 Dungeon Crawl Stone Soup version 0.17-a0-18-gc25b939 (webtiles) character file.

112824 Quh the Bludgeoner (level 16, 144/147 HPs)
             Began as a Minotaur Berserker on July 11, 2014.
             Was a High Priest of Trog.
             Quit the game on level 1 of the Elven Halls on Mar 6, 2015.
             The game lasted 02:27:58 (29820 turns).

Quh the Bludgeoner (Minotaur Berserker)            Turns: 29820, Time: 02:27:59

Health: 144/147    AC: 23    Str: 27    XL:     16   Next: 12%
Magic:  26/26      EV: 10    Int: 11    God:    Trog [*****.]
Gold:   1442       SH: 17    Dex: 15    Spells: 0 memorised, 15 levels left

rFire  . . .     SeeInvis .     a - +7 eveningstar of Blirefy {drain, rC+ rN+}
rCold  + . .     Clarity  .     V - +5 chain mail of Frechumm {Int+4 Dex+3}
rNeg   + + .     SustAb   .     Q - +3 shield {reflect}
rPois  +         Gourm    .     X - +1 hat
rElec  .         Spirit   .     H - +1 cloak
rCorr  .         Warding  +     N - +0 pair of gloves
rMut   .         Stasis   .     (no boots)
MR     +++..                    L - amulet of warding
Stlth  ..........               M - ring of the Mage {Wiz MR++ Int+3}
                                z - ring of poison resistance

@: exhausted, slowed, very slow, extremely resistant to hostile enchantments,
extremely unstealthy
A: retaliatory headbutt, horns 2
a: Burn Spellbooks, Berserk, Trog's Hand, Brothers in Arms, Renounce Religion


You were on level 1 of the Elven Halls.
You worshipped Trog.
Trog was extremely pleased with you.
You were not hungry.

You visited 5 branches of the dungeon, and saw 26 of its levels.
You also visited: Ossuary.

You collected 2125 gold pieces.
You spent 683 gold pieces at shops.

Inventory:

Hand weapons
 a - the +7 eveningstar of Blirefy (weapon) {drain, rC+ rN+}
   (Trog gifted it to you on level 3 of the Orcish Mines)

   A truly terrible weapon, it drains the life of those it strikes.
   It protects you from cold.
   It protects you from negative energy.
 b - the +10 hunting sling of the Sun {freeze, rC+}
   (Trog gifted it to you on level 8 of the Lair of Beasts)

   It causes projectiles fired from it to freeze those they strike, causing
   extra injury to most foes and up to half again as much damage against
   particularly susceptible opponents.
   They can also slow down cold-blooded creatures.
   It protects you from cold.
 x - the +5 whip of the Peculiar Nights {slash, rC+ Int+2}
   (You found it on level 5 of the Dungeon)

   It inflicts extra damage upon your enemies.
   It affects your intelligence (+2).
   It protects you from cold.
 A - a +3 antimagic mace
 O - a +4 antimagic morningstar
Missiles
 o - 17 poisoned sling bullets
 s - 33 sling bullets
 J - 22 sling bullets of frost
Armour
 p - the +3 ring mail of the Forgotten Nights {Int-3 Dex-3}
   (You bought it in a shop on level 11 of the Dungeon)

   It affects your intelligence (-3).
   It affects your dexterity (-3).
 E - the +2 chain mail "Qikemiki" {+Blink}
   (You found it on level 8 of the Lair of Beasts)

   It lets you blink.
 H - a +1 cloak (worn)
 N - a +0 pair of gloves (worn)
 Q - a +3 shield of reflection (worn)
 V - the +5 chain mail of Frechumm (worn) {Int+4 Dex+3}
   (You bought it in a shop on level 11 of the Dungeon)

   It affects your intelligence (+4).
   It affects your dexterity (+3).
 X - a +1 hat (worn)
Jewellery
 n - an uncursed ring of protection from magic
 z - a ring of poison resistance (left hand)
 L - an amulet of warding (around neck)
 M - the ring of the Mage (right hand) {Wiz MR++ Int+3}
   (You found it on level 8 of the Lair of Beasts)

   [ring of wizardry]

   It improves your spell success rate.
   It affects your intelligence (+3).
   It affects your resistance to hostile enchantments.
 T - an uncursed ring of protection from cold
Magical devices
 e - a wand of draining (3)
 g - a wand of disintegration (9)
 h - a wand of digging (10)
 l - a wand of confusion (9)
 v - a wand of lightning (1)
 y - a wand of enslavement (9) {unknown}
 I - a wand of random effects (12)
 R - a wand of flame (15)
 S - a wand of digging (14)
 U - a wand of paralysis (7)
 W - a wand of frost (7)
Scrolls
 d - 2 scrolls of fog
 i - 6 scrolls of enchant armour
 j - 2 scrolls of blinking
 k - a scroll of magic mapping
 r - 2 scrolls of remove curse
 w - 6 scrolls of enchant weapon
 B - 2 scrolls of fear
 G - a scroll of teleportation
Potions
 f - a potion of agility
 m - 5 potions of heal wounds
 q - 13 potions of curing
 t - a potion of flight
 u - 5 potions of haste
 D - a potion of ambrosia {unknown}
 F - a potion of invisibility
 Y - 4 potions of might
 Z - 3 potions of cancellation
Books
 C - a book of Transfigurations

   Spells                             Type                      Level
   a - Stoneskin                      Transmutation/Earth          2
   b - Irradiate                      Conjuration/Transmutation    5
   c - Statue Form                    Transmutation/Earth          6
   d - Hydra Form                     Transmutation                6
   e - Dragon Form                    Transmutation                7
   Trog disapproves of the use of such an item.
Miscellaneous
 K - a lantern of shadows
Comestibles
 c - 11 bread rations
 P - 2 chunks of flesh


   Skills:
 * Level 14.5 Fighting
 + Level 15.6 Maces & Flails
 * Level 8.6 Slings
 + Level 15.3 Armour
 - Level 3.2 Dodging
 * Level 13.5 Shields
 * Level 11.1 Evocations


You had 15 spell levels left.
You didn't know any spells.

Dungeon Overview and Level Annotations

Branches:
Dungeon (12/15)            Temple (1/1) D:5            Lair (8/8) D:11
  Swamp (0/5) Lair:6        Snake (0/5) Lair:3        Slime (0/6) Lair:7
    Orc (4/4) D:12            Elf (1/3) Orc:4

Altars:
Ashenzari
Elyvilon
Fedhas
Kikubaaqudgha
Okawaru
Qazlal
Trog
Xom
Zin
The Shining One
Beogh

Shops:
D:11 [   Orc:4 =*[(


Innate Abilities, Weirdness & Mutations

You reflexively headbutt those who attack you in melee.
You have a pair of horns on your head.


Message History

the human corpse of Nikola Eat which item? (? for menu, Esc to quit)
Okay, then.
You butcher the human corpse of Nikola.
You enjoyed that.
You are no longer berserk.
You are exhausted.
You feel yourself slow down.
You are feeling hungry.
P - 3 chunks of flesh (gained 1)
Things that are here:
a rapier of electrocution; a glowing cloak; a pair of gloves Eat one of 3 chunks of flesh? (ye/n/q/i?) This raw flesh tastes terrible.
You continue eating. x2
Eat which item? (? for menu, Esc to quit)
You can't eat that!
Things that are here:
a rapier of electrocution; a glowing cloak; a pair of gloves You can't carry that many items.
Are you sure you want to abandon this character and quit the game? (Confirm with "yes".)

#...#...#.#..[..#....
#...#...#.#..(..#.....
#...#...#.#.##.##.....#
...........(#...#.....
................#... # .
...........#....#.###.#..
#...#...#.###............
#...#..[[##
##...........#
#...#...#.# #...@..######
#...######.#......##
#...# #......## ##.##
#.#...#. #.# #........
... #######.. #.. .. ...
... .


There were no monsters in sight!

Vanquished Creatures
  Nikola (Elf:1)
  Maud (Lair:8)
  An orc warlord (Orc:4)
  Donald (Orc:4)
  An ogre mage (Orc:1)
  9 hydras
  Harold (D:11)
  Erica (Lair:4)
  6 death yaks
  2 orc high priests (Orc:4)
  A catoblepas (D:10)
  4 deep elf knights (Elf:1)
  Nergalle (Lair:4)
  Erolcha (D:11)
  A deep elf summoner (Elf:1)
  Pikel (D:5)
  6 hill giants
  The ghost of Quh the Summoner, an experienced DESu of Sif Muna (Lair:1)
  4 orc sorcerers (Orc:4)
  4 slime creatures (D:12)
  A griffon (Lair:8)
  9 elephants
  The ghost of lennard the Grappler, an experienced TrMo (Ossuary)
  A smoke demon (Orc:4)
  An eye of devastation (Lair:7)
  11 black mambas
  A torpor snail (Lair:4)
  An orc knight (Orc:4)
  A kobold demonologist (D:12)
  3 fire drakes
  8 komodo dragons
  14 spiny frogs
  A centaur zombie (D:10)
  3 trolls
  A queen bee (Lair:2)
  2 polar bears (Lair:7)
  Prince Ribbit (D:4)
  4 giant leeches (Lair:8)
  28 blink frogs
  2 two-headed ogres
  A shadow (D:11)
  A human (D:7)
  9 deep elf magi
  4 basilisks
  A wraith (D:12)
  67 yaks
  Eustachio (D:9)
  2 deep elf fighters (D:7)
  9 vampire mosquitoes (Lair:8)
  2 hungry ghosts
  A wyvern (D:11)
  A hog (D:7)
  12 hippogriffs
  A hill giant skeleton (D:10)
  Menkaure (D:4)
  A warg (Orc:4)
  11 wolves
  13 water moccasins
  2 ice beasts
  8 porcupines
  9 ogres
  4 phantoms
  A sky beast (D:8)
  2 black bears
  30 orc warriors
  14 crocodiles
  2 boring beetles
  Duvessa (D:5)
  The ghost of WhatIsLove the Ruinous, an average DECj (D:3)
  4 centaurs
  A wyvern zombie (D:6)
  A gnoll sergeant (D:7)
  4 water moccasin zombies (Ossuary)
  A cyclops zombie (D:9)
  31 giant frogs
  2 scorpions (D:6)
  An eye of draining (Lair:7)
  7 wights
  37 killer bees
  A troll skeleton (D:9)
  3 electric eels
  12 hounds
  Dowan (D:5)
  4 crimson imps
  3 goliath beetles
  A gnoll shaman (D:8)
  A quasit (D:10)
  4 jellies
  33 orc wizards
  29 orc priests
  12 iguanas
  A hell rat (Elf:1)
  14 worker ants
  Natasha (twice) (D:6)
  2 big kobold zombies (Ossuary)
  16 sheep
  A hound skeleton (D:5)
  2 mummies (Ossuary)
  11 gnolls
  68 river rats
  28 adders
  3 shadow imps
  A giant mite (D:6)
  A white imp (D:9)
  4 worms
  An ufetubus (Orc:4)
  An iguana skeleton (D:4)
  An adder skeleton (D:9)
  4 adder zombies (Ossuary)
  A gnoll skeleton (D:4)
  3 giant geckos
  4 oozes
  169 orcs
  3 ball pythons
  2 giant cockroaches (D:2)
  22 hobgoblins
  17 quokkas
  14 bats
  3 giant newts
  2 giant spores
  4 gnoll zombies (Ossuary)
  27 goblins
  A hobgoblin skeleton (D:7)
  7 hobgoblin zombies (Ossuary)
  20 jackals
  A jackal skeleton (D:4)
  8 kobolds
  3 kobold zombies (Ossuary)
  8 orc skeletons
  7 orc zombies
  A quokka skeleton (D:10)
  49 rats
  3 ballistomycetes
  A fungus (Lair:7)
  2 plants
1090 creatures vanquished.

Vanquished Creatures (collateral kills)
  2 death yaks (Lair:8)
  An orc high priest (Orc:4)
  3 orc knights (Orc:4)
  A sixfirhy (Orc:4)
  Grum (Orc:4)
  4 orc warriors (Orc:4)
  2 orc priests (Orc:4)
  3 orc wizards (Orc:4)
  3 orcs (Orc:4)
20 creatures vanquished.

Vanquished Creatures (others)
  A hippogriff (Lair:7)
  An orc (Orc:4)
  A bat (D:5)
  7 fungi
  14 plants
24 creatures vanquished.

Grand Total: 1134 creatures vanquished

Notes
Turn   | Place    | Note
--------------------------------------------------------------
     0 | D:1      | Quh, the Minotaur Berserker, began the quest for the Orb.
     0 | D:1      | Reached XP level 1. HP: 19/19 MP: 1/1
     6 | D:1      | Noticed a redback
     6 | D:1      | Noticed a black mamba
     6 | D:1      | Noticed a fire drake
   136 | D:1      | Reached skill level 4 in Maces & Flails
   269 | D:1      | Reached XP level 2. HP: 20/26 MP: 1/1
   813 | D:1      | Acquired Trog's second power
   813 | D:1      | Reached skill level 5 in Maces & Flails
   959 | D:1      | Reached XP level 3. HP: 31/31 MP: 2/2
  1724 | D:2      | Reached skill level 6 in Maces & Flails
  1724 | D:2      | Reached XP level 4. HP: 39/39 MP: 2/2
  2197 | D:3      | Noticed WhatIsLove's ghost (average DECj)
  2208 | D:3      | Killed WhatIsLove's ghost
  2208 | D:3      | Reached skill level 7 in Maces & Flails
  2208 | D:3      | Reached XP level 5. HP: 45/45 MP: 2/2
  2398 | D:3      | Acquired Trog's third power
  2617 | D:3      | Found an ancient bone altar of Kikubaaqudgha.
  2837 | D:4      | Noticed Menkaure
  2845 | D:4      | Killed Menkaure
  2845 | D:4      | Reached skill level 8 in Maces & Flails
  2845 | D:4      | Reached XP level 6. HP: 25/53 MP: 3/3
  2924 | D:4      | Noticed Prince Ribbit
  2940 | D:4      | Killed Prince Ribbit
  2940 | D:4      | Reached skill level 5 in Fighting
  2940 | D:4      | Reached skill level 9 in Maces & Flails
  2940 | D:4      | Reached XP level 7. HP: 20/61 MP: 3/3
  3029 | D:4      | Found a shimmering altar of Xom.
  3099 | D:4      | Found a bloodstained altar of Trog.
  3099 | D:4      | Found a glowing golden altar of the Shining One.
  3324 | D:4      | Found a glowing silver altar of Zin.
  3378 | D:4      | Found a blossoming altar of Fedhas.
  3385 | D:4      | Found a stormy altar of Qazlal.
  4161 | D:5      | Entered Level 5 of the Dungeon
  4194 | D:5      | Noticed Dowan
  4195 | D:5      | Noticed Duvessa
  4202 | D:5      | Killed Duvessa
  4202 | D:5      | Reached skill level 10 in Maces & Flails
  4210 | D:5      | Killed Dowan
  4287 | D:5      | Reached XP level 8. HP: 48/70 MP: 3/3
  4938 | D:5      | Got a crude whip
  4939 | D:5      | Identified the +5 whip of the Peculiar Nights {slash, rC+ Int+2} (You found it on level 5 of the Dungeon)
  5064 | D:5      | Noticed Pikel
  5071 | D:5      | Paralysed by Pikel for 4 turns
  5081 | D:5      | Killed Pikel
  5081 | D:5      | Reached skill level 11 in Maces & Flails
  5081 | D:5      | Reached skill level 5 in Armour
  5427 | D:5      | Found a staircase to the Ecumenical Temple.
  5433 | Temple   | Entered the Ecumenical Temple
  5787 | D:6      | Reached XP level 9. HP: 62/79 MP: 4/4
  6039 | D:6      | Noticed Natasha
  6046 | D:6      | Killed Natasha
  6264 | D:6      | Found a shattered altar of Ashenzari.
  6286 | D:6      | Noticed Natasha
  6292 | D:6      | Killed Natasha
  6304 | D:6      | Reached skill level 12 in Maces & Flails
  6530 | D:6      | Found a white marble altar of Elyvilon.
  6675 | D:7      | Found a glowing silver altar of Zin.
  7281 | D:7      | Reached skill level 1 in Slings
  7465 | D:7      | Reached skill level 1 in Shields
  7474 | D:7      | Received a gift from Trog
  7579 | D:7      | Reached XP level 10. HP: 88/90 MP: 4/4
  7924 | D:8      | Found an iron altar of Okawaru.
  7929 | D:8      | Got a jewelled long sword
  7930 | D:8      | Identified the +9 long sword of Power {freeze, rF+ Dex+1 Int+2} (You found it on level 8 of the Dungeon)
  8327 | D:8      | Found a sand-covered staircase.
  8336 | Ossuary  | Entered an ossuary
  8603 | Ossuary  | Noticed lennard's ghost (experienced TrMo)
  8617 | Ossuary  | Killed lennard's ghost
  9366 | D:9      | Reached skill level 13 in Maces & Flails
  9393 | D:9      | Received a gift from Trog
  9620 | D:9      | Noticed a hill giant
  9635 | D:9      | Killed a hill giant
  9635 | D:9      | Reached skill level 10 in Armour
 10113 | D:9      | Noticed Eustachio
 10136 | D:9      | Killed Eustachio
 10247 | D:9      | Noticed a five-headed hydra
 10257 | D:9      | Killed a five-headed hydra
 10257 | D:9      | Reached XP level 11. HP: 74/97 MP: 4/4
 10466 | D:10     | Entered Level 10 of the Dungeon
 10466 | D:10     | Noticed a hill giant
 10603 | D:10     | Killed a hill giant
 10603 | D:10     | Received a gift from Trog
 10603 | D:10     | Reached skill level 1 in Evocations
 10604 | D:10     | Noticed a catoblepas
 10623 | D:10     | Reached skill level 5 in Shields
 10633 | D:10     | Killed a catoblepas
 10802 | D:10     | Noticed an eight-headed hydra
 10912 | D:10     | Noticed a hill giant
 10927 | D:10     | Killed a hill giant
 11273 | D:10     | Reached skill level 10 in Fighting
 11334 | D:10     | Killed an eight-headed hydra
 11348 | D:10     | Received a gift from Trog
 11959 | D:11     | Noticed a hill giant
 11967 | D:11     | Killed a hill giant
 12255 | D:11     | Noticed Erolcha
 12263 | D:11     | Killed Erolcha
 12348 | D:11     | Reached XP level 12. HP: 63/107 MP: 14/14
 12574 | D:11     | Found Traon's Antique Armour Emporium.
 12582 | D:11     | Bought a steaming chain mail for 275 gold pieces
 12602 | D:11     | Identified the +5 chain mail of Frechumm {Dex+3 Int+4} (You bought it in a shop on level 11 of the Dungeon)
 12768 | D:11     | Noticed Harold
 12778 | D:11     | Killed Harold
 12778 | D:11     | Reached skill level 5 in Evocations
 12820 | D:11     | Found a staircase to the Lair.
 12824 | D:11     | Noticed a hill giant
 12838 | D:11     | Killed a hill giant
 12844 | Lair:1   | Entered Level 1 of the Lair of Beasts
 13107 | Lair:1   | Noticed Quh's ghost (experienced DESu)
 13121 | Lair:1   | Killed Quh's ghost
 13197 | Lair:1   | Reached skill level 14 in Maces & Flails
 13515 | Lair:1   | Received a gift from Trog
 13730 | Lair:1   | Gained mutation: You are somewhat resistant to further mutation. [potion of mutation]
 13730 | Lair:1   | Gained mutation: Your body is slowly deteriorating. [potion of mutation]
 14514 | Lair:2   | Noticed a seven-headed hydra
 14523 | Lair:2   | Killed a seven-headed hydra
 15884 | Lair:3   | Received a gift from Trog
 16023 | Lair:3   | Found a staircase to the Snake Pit.
 16037 | Lair:3   | Reached XP level 13. HP: 116/116 MP: 19/19
 16470 | Lair:3   | Reached skill level 10 in Shields
 16676 | Lair:4   | Noticed Nergalle
 16685 | Lair:4   | Killed Nergalle
 16928 | Lair:4   | Noticed Erica
 16950 | Lair:4   | Killed Erica
 16976 | Lair:4   | Lost mutation: Your body is slowly deteriorating. [potion of cure mutation]
 16976 | Lair:4   | Lost mutation: You are somewhat resistant to further mutation. [potion of cure mutation]
 17105 | Lair:4   | Received a gift from Trog
 17751 | Lair:5   | Reached XP level 14. HP: 124/127 MP: 21/21
 18428 | Lair:6   | Found a staircase to the Swamp.
 18839 | Lair:6   | Received a gift from Trog
 18945 | Lair:6   | Upgraded the game from 0.15-a0-1995-g7e6aeab to 0.15-a0-2019-g30d9616
 19822 | Lair:6   | Received a gift from Trog
 20007 | Lair:7   | Found a staircase to the Slime Pits.
 20564 | Lair:7   | Received a gift from Trog
 21122 | Lair:7   | Received a gift from Trog
 21313 | Lair:7   | Reached XP level 15. HP: 136/136 MP: 24/24
 21759 | Lair:8   | Entered Level 8 of the Lair of Beasts
 22182 | Lair:8   | Noticed Maud
 22203 | Lair:8   | Killed Maud
 22578 | Lair:8   | Reached skill level 15 in Maces & Flails
 22607 | Lair:8   | Reached skill level 10 in Evocations
 23375 | Lair:8   | Received a gift from Trog
 23384 | Lair:8   | Got a crystal hunting sling {god gift}
 23385 | Lair:8   | Identified the +10 hunting sling of the Sun {freeze, rC+} (Trog gifted it to you on level 8 of the Lair of Beasts)
 23467 | Lair:8   | Reached skill level 15 in Armour
 24325 | Lair:8   | Got an encrusted chain mail
 24358 | Lair:8   | Identified the +2 chain mail "Qikemiki" {+Blink} (You found it on level 8 of the Lair of Beasts)
 24392 | Lair:8   | Got an ebony blowgun
 24393 | Lair:8   | Identified the cursed +10 blowgun of the Penguin {speed, rC- Str+3} (You found it on level 8 of the Lair of Beasts)
 24409 | Lair:8   | Received a gift from Trog
 25301 | D:11     | Bought a citrine-encrusted ring mail for 261 gold pieces
 25316 | D:11     | Identified the +3 ring mail of the Forgotten Nights {Dex-3 Int-3} (You bought it in a shop on level 11 of the Dungeon)
 25458 | D:12     | Found a staircase to the Orcish Mines.
 25538 | Orc:1    | Entered Level 1 of the Orcish Mines
 26156 | Orc:2    | Received a gift from Trog
 26207 | Orc:2    | Found a roughly hewn altar of Beogh.
 26755 | Orc:3    | Received a gift from Trog
 26758 | Orc:3    | Got a faintly glowing eveningstar {god gift}
 26759 | Orc:3    | Identified the +7 eveningstar of Blirefy {drain, rC+ rN+} (Trog gifted it to you on level 3 of the Orcish Mines)
 27364 | Orc:4    | Entered Level 4 of the Orcish Mines
 27388 | Orc:4    | Found a staircase to the Elven Halls.
 27464 | Orc:4    | Received a gift from Trog
 27680 | Orc:4    | Noticed Grum
 27902 | Orc:4    | Killed Grum
 27984 | Orc:4    | Received a gift from Trog
 28031 | Orc:4    | Noticed Donald
 28037 | Orc:4    | Killed Donald
 28504 | Orc:4    | Got a shimmering shield {Donald}
 28516 | Orc:4    | Identified the cursed +2 shield of the First Snow {Stlth-} (You took it off Donald on level 4 of the Orcish Mines)
 28615 | Orc:4    | Received a gift from Trog
 29119 | Orc:4    | Found Kuycinke's Antique Armour Shoppe.
 29119 | Orc:4    | Found Wehu's Antique Weapon Shoppe.
 29121 | Orc:4    | Found Pearun's General Store.
 29121 | Orc:4    | Found Frocrasm's Jewellery Emporium.
 29136 | Orc:4    | Bought a scroll of enchant armour for 105 gold pieces
 29136 | Orc:4    | Bought a scroll of teleportation for 42 gold pieces
 29138 | Orc:4    | Upgraded the game from 0.15-a0-2019-g30d9616 to 0.15-a0-2036-g5428f20
 29149 | Orc:4    | Upgraded the game from 0.15-a0-2036-g5428f20 to 0.16-a0-286-g6bac339
 29347 | Elf:1    | Entered Level 1 of the Elven Halls
 29421 | Elf:1    | Reached XP level 16. HP: 135/147 MP: 26/26
 29783 | Elf:1    | Upgraded the game from 0.16-a0-286-g6bac339 to 0.17-a0-18-gc25b939
 29800 | Elf:1    | Noticed Nikola
 29810 | Elf:1    | Killed Nikola
 29820 | Elf:1    | Quit the game

Action                   |  1- 3 |  4- 6 |  7- 9 | 10-12 | 13-15 | 16-18 || total
-------------------------+-------+-------+-------+-------+-------+-------++-------
Melee: Mace              |   108 |   138 |   108 |       |       |       ||   354
       Whip              |       |       |   246 |  1138 |  1588 |       ||  2972
       Eveningstar       |       |       |       |       |   292 |    27 ||   319
 Fire: Hunting sling     |       |     5 |     3 |     8 |    56 |       ||    72
Throw: Stone             |     3 |     1 |    16 |       |       |       ||    20
Invok: Berserk           |     1 |     3 |     5 |    13 |    14 |     1 ||    37
       Trog's Hand       |       |     3 |     2 |     3 |    12 |     1 ||    21
       Brothers in Arms  |       |       |       |       |     4 |       ||     4
Evoke: Wand              |       |       |       |     3 |    12 |       ||    15
  Use: Scroll            |     1 |     2 |    12 |    14 |    12 |       ||    41
       Potion            |       |       |       |     1 |    10 |       ||    11
 Stab: Distracted        |       |       |       |       |     1 |       ||     1
  Eat: Chunk             |     3 |     5 |    17 |    19 |    50 |     1 ||    95
       Pizza             |       |     1 |       |       |       |       ||     1
       Bread ration      |       |       |     1 |       |       |       ||     1
       Meat ration       |       |       |       |     5 |     2 |       ||     7
       Beef jerky        |       |       |       |       |       |     1 ||     1
